 Dungeon Crawl Stone Soup version 0.29-a0-25-g7f48f510a0 (webtiles) character file.

Game seed: 8734371427546408981

102 testman the Ruffian (level 4, -1/38 HPs)
             Began as a Draconian Transmuter on Jan 31, 2022.
             Was a Follower of Ru.
             Slain by Crazy Yiuf (12 damage)
             ... on level 2 of the Dungeon.
             The game lasted 00:05:34 (1878 turns).

testman the Ruffian (Draconian Transmuter)          Turns: 1878, Time: 00:05:36

Health: -1/38      AC:  5    Str: 13    XL:     4   Next: 49%
Magic:  6/7        EV: 12    Int: 15    God:    Ru [*.....]
Gold:   80         SH:  0    Dex: 11    Spells: 4/7 levels left

rFire   . . .      SeeInvis .     - Unarmed
rCold   . . .      Faith    .   (no shield)
rNeg    . . .      Spirit   .   (armour unavailable)
rPois   .          Reflect  .   (helmet currently unavailable)
rElec   .          Harm     .   (no cloak)
rCorr   .          Rampage  .   (no gloves)
Will    .....                   (boots currently unavailable)
Stlth   +.........              (no amulet)
HPRegen 0.12/turn               (no ring)
MPRegen 0.10/turn               (no ring)

@: lethally poisoned (-1 -> -9), appendages, unable to drink
A: horns 2, talons 2, AC +5, unfitting armour, cold-blooded, inability to drink
while threatened
a: End Transformation, Renounce Religion


You were on level 2 of the Dungeon.
You worshipped Ru.
Ru was aware of your devotion.
You had temporarily grown beastly horns and talons.
You visited 1 branch of the dungeon, and saw 2 of its levels.

You collected 116 gold pieces.
You spent 36 gold pieces at shops.

Inventory:

Missiles
 d - 2 poisoned darts
 g - 13 stones
Scrolls
 b - a scroll of silence {unknown}
 i - a scroll of identify {unknown}
Potions
 a - 2 potions of berserk rage {unknown}
 c - 2 potions of curing
 e - a potion of heal wounds {unknown}
 f - a potion of brilliance {unknown}
 h - a potion of flight {unknown}


   Skills:
 + Level 3.2 Fighting
 - Level 1.7 Dodging
 + Level 4.1 Unarmed Combat
 - Level 2.0 Spellcasting
 + Level 2.6 Transmutations


You had 4 spell levels left.
You knew the following spells:

 Your Spells              Type           Power      Damage    Failure   Level
a - Beastly Appendage     Tmut           18%        N/A       8%          1
b - Wereblood             Tmut           9%         N/A       12%         2

Your spell library contained the following spells:

 Spells                   Type           Power      Damage    Failure   Level
 Blink                    Tloc           2%         N/A       32%         2
 Spider Form              Tmut/Pois      5%         N/A       36%         3
 Lesser Beckoning         Tloc           1%         N/A       54%         3
 Ice Form                 Ice/Tmut       5%         N/A       78%         4
 Manifold Assault         Tloc           1%         N/A       99%         5


Dungeon Overview and Level Annotations

Branches:
Dungeon (2/15)

Altars:
Ru

Shops:
D:1 !=(?

Annotations:
D:2 Crazy Yiuf


Innate Abilities, Weirdness & Mutations

You have temporarily grown beastly horns and talons.
Your plain brown scales are hard. (AC +5)
You cannot fit into any form of body armour.
You are cold-blooded and may be slowed by cold attacks.
You sometimes lose the ability to drink potions when taking damage.


Message History

Press: ? - help, Q - select action, (/) - cycle Dir - look around, f - activate You grow a pair of large bovine horns.
Your feet morph into talons.
You hit the rat.
You kill the rat!
No target in view!
Your transformation is almost over.
Your horns disappear.
Your talons disappear.
You pick up a book of Spatial Translocations and begin reading...
You add the spells Blink, Lesser Beckoning and Manifold Assault to your library.
Found a mace.
Found a runed translucent door.
Okay, then.
Casting: Beastly Appendage (safe; 8% risk of failure)
Press: ? - help, Q - select action, (/) - cycle Dir - look around, f - activate You grow a pair of large bovine horns.
Your feet morph into talons.
You open the door.
Crazy Yiuf shouts!
There is an open translucent door here.
You hit Crazy Yiuf.
Crazy Yiuf is moderately wounded.
Crazy Yiuf misses you.
You closely miss Crazy Yiuf.
Crazy Yiuf is moderately wounded.
Crazy Yiuf hits you with a +4 quarterstaff of chaos.
You feel yourself slow down. Crazy Yiuf freezes you.
You hit Crazy Yiuf. Your kick misses Crazy Yiuf. You headbutt Crazy Yiuf.
Crazy Yiuf is severely wounded.
Crazy Yiuf hits you but does no damage.
You barely miss Crazy Yiuf.
Crazy Yiuf is severely wounded.
You feel yourself speed up.
Crazy Yiuf hits you with a +4 quarterstaff of chaos! x2
You feel threatened and lose the ability to drink potions!
You are poisoned.
You closely miss Crazy Yiuf.
Crazy Yiuf is severely wounded.
* * * LOW HITPOINT WARNING * * *
You feel very sick.
Crazy Yiuf says, "Earwax!"
Crazy Yiuf hits you with a +4 quarterstaff of chaos!
You die...

# ###.### #....#
#....... # #.....#
♣PP..♣ ######## #
##.#.### ♣♣...♣ ####
#####..<.# ♣♣.♣♣ #...
......#..### ♣♣.♣ #.##
#####......# ♣.♣♣ ###
#.# # ###...### ♣♣.♣
#.# #####.## #
#...†..## ♣.♣♣ #.#
#.[..... # #.......#
#@# #.# #.###..# #
#.......# #.g.#
#.###.# #..# #
#.......# #...#
#.....# #..# #
#......## #)..#
#.##### #..# #
#.#...## #####
#.#######..# #
#..#.#### #.........^#
# #.###.÷.# ###
#..######.## #
#..#.#########.# ##.#
#.# #
#.#............#####.#
#.#


You could see Crazy Yiuf.

Vanquished Creatures
  Natasha (D:2)
  3 adders (D:2)
  3 dart slugs
  4 endoplasms
  4 giant cockroaches (D:1)
  4 goblins (D:2)
  5 quokkas
  3 ball pythons
  6 bats
  5 kobolds
  5 rats
43 creatures vanquished.

Notes
Turn   | Place    | Note
-------+----------+-------------------------------------------
     0 | D:1      | testman the Draconian Transmuter began the quest for the
                  | Orb.
     0 | D:1      | Reached XP level 1. HP: 16/16 MP: 3/3
   163 | D:1      | Reached XP level 2. HP: 21/24 MP: 3/5
   174 | D:1      | Learned a level 2 spell: Wereblood
   247 | D:1      | Found a faded altar of an unknown god.
   259 | D:1      | Prayed at the altar of an unknown god.
   259 | D:1      | Became a worshipper of Ru the Awakened
   275 | D:1      | Found Qioruch's Antique Weapon Shop.
   283 | D:1      | Gained mutation: You sometimes lose the ability to drink
                  | potions when taking damage. [Ru sacrifice]
   283 | D:1      | Reached * piety under Ru
   488 | D:1      | Found Washu's Jewellery Shoppe.
   698 | D:1      | Found Buryubap's Magic Scroll Emporium.
   741 | D:1      | Found Usimiamust's Distillery.
   751 | D:1      | Bought a potion of curing for 36 gold pieces
   811 | D:1      | Reached XP level 3. HP: 30/30 MP: 4/6
  1227 | D:2      | Noticed Natasha
  1238 | D:2      | Killed Natasha
  1286 | D:2      | Reached XP level 4. HP: 29/37 MP: 7/7
  1360 | D:2      | Reached skill level 4 in Unarmed Combat
  1867 | D:2      | Found a runed translucent door.
  1868 | D:2      | Noticed Crazy Yiuf
  1878 | D:2      | Slain by Crazy Yiuf

Illustrated notes

Levels and vault maps discovered:
D:1:      ncdulo_watergridlock, layout_basic, serial_shops, shop,
          nicolae_shop_hallway_plus, nicolae_lakefront_shop,
          nicolae_shop_statue_plus, basic_ecumenical_altar, minmay_hexomino_p4
D:2:      layout_loops_ring, uniq_crazy_yiuf_cottage, uniq_natasha

Skill      XL: |  1  2  3  4 |
---------------+-------------+-----
Fighting       | 2 3 |  3.2
Unarmed Combat | 4 |  4.1
Dodging        | |  1.7
Spellcasting   | |  2.0
Transmutations | |  2.6

Action                   |  1- 3 |  4- 6 || total
-------------------------+-------+-------++-------
Melee: Unarmed           |    76 |    39 ||   115
       Kick              |    10 |     7 ||    17
       Headbutt          |    11 |     6 ||    17
       Tailslap          |     6 |     3 ||     9
 Cast: Beastly Appendage |    17 |     8 ||    25
       Wereblood         |     1 |     2 ||     3
Invok: Sacrifice Drink   |     1 |       ||     1
 Stab: Sleeping          |       |     1 ||     1
Armor: Skin              |    27 |     7 ||    34
Dodge: Dodged            |    43 |    22 ||    65

Table legend: (Time is in decaauts)
 A = Elapsed time spent in this place.
 B = Non-inter-level travel time spent in this place.
 C = Inter-level travel time spent in this place.
 D = Time resting spent in this place.
 E = Time spent auto-exploring this place.
 F = Levels seen in this place.
 G = Mean time per level.
                   A        B        C        D        E       F      G
               +--------+--------+--------+--------+--------+-----+--------+
         Total |   1872 |   1852 |     20 |      0 |   1524 |   2 |  936.0 |
       Dungeon |   1872 |   1852 |     20 |      0 |   1524 |   2 |  936.0 |
               +--------+--------+--------+--------+--------+-----+--------+

Top non-repeatable levels by time:
     D:1: 1022 daAuts
     D:2: 850 daAuts
